 Dungeon Crawl Stone Soup version 0.31-a0-152-g6aa68a64a1 (webtiles) character file.

Game seed: 226496288659014403

365 qw the Shooter (level 6, 0/58 HPs)
             Began as a Naga Hunter on June 9, 2023.
             Slain by a gnoll
             ... wielding a +0 spear
              (4 damage)
             ... on level 3 of the Dungeon.
             The game lasted 00:00:47 (2307 turns).

qw the Shooter (Naga Hunter)                        Turns: 2307, Time: 00:00:48

Health: 0/58       AC:  4    Str: 13    XL:     6   Next: 68%
Magic:  6/6        EV:  9    Int: 10    God:
Gold:   55         SH:  0    Dex: 16    Spells: 5/5 levels left

rFire   . . .        Y - +0 shortbow
rCold   . . .        (shield currently unavailable)
rNeg    . . .        c - +0 leather armour
rPois   +            b - +0 helmet
rElec   .            (no cloak)
rCorr   .            (no gloves)
SInv    +            (no barding)
Will    .....        d - amulet of faith
Stlth   ++           (no ring)
HPRegen 0.29/turn    (no ring)
MPRegen 0.10/turn

%: faith
@: about to teleport, very slow
A: AC +2, large, see invisible, deformed body, poison resistance, slowness 2,
spit poison 1, naga tail 1
a: Spit Poison


You were on level 3 of the Dungeon.
You visited 1 branch of the dungeon, and saw 3 of its levels.

You collected 55 gold pieces.


Innate Abilities, Weirdness & Mutations

Your serpentine skin is tough. (AC +2)
You have supernaturally acute eyesight. (SInv)
Armour fits poorly on your strangely shaped body.
Your system is resistant to poisons. (rPois)
You cover ground very slowly.
You can spit poison.
You have a snake-like lower body.


   Skills:
 - Level 4.7 Fighting
 + Level 5.8 Ranged Weapons
 - Level 1.5 Dodging
 - Level 1.5 Stealth


You had 5 spell levels left.
You didn't know any spells.
Your spell library was empty.

Inventory:

Hand Weapons
 Y - a +0 shortbow (weapon)
Armour
 b - a +0 helmet (worn)
 c - a +0 leather armour (worn)
Jewellery
 d - an amulet of faith (around neck)
 h - a +6 ring of intelligence
Scrolls
 a - a scroll of teleportation
 e - 2 scrolls of identify
Potions
 f - a potion of might {unknown}
 g - a potion of brilliance {unknown}
 j - a potion of heal wounds {unknown}

Dungeon Overview and Level Annotations

Branches:
Dungeon (3/15)

Altars:

Annotations:
D:3 Natasha


Message History

The orc wizard flickers and vanishes for a moment.
The orc closely misses you.
The gnoll hits you from afar with a +0 halberd.
The orc shouts!
You shoot an arrow. The arrow hits the gnoll.
The gnoll is heavily wounded.
The gnoll barely misses you. The gnoll closely misses you.
The orc barely misses you. The gnoll closely misses you.
You shoot an arrow. The arrow hits the gnoll!
You kill the gnoll!
The gnoll hits you from afar with a +0 halberd.
The orc closely misses you. The gnoll misses you.
You shoot an arrow. The arrow hits the orc!
You kill the orc!
The gnoll hits you from afar with a +0 spear.
The gnoll closely misses you.
Natasha mumbles some strange words.
The gnoll hits you from afar with a +0 halberd.
The gnoll hits you from afar with a +0 spear.
2304 ||| Stepping ~*~*~tactically~*~*~ (outnumbered).
Something unseen breaks down the door.
Enter note:
Enter note: You shoot an arrow.
The arrow closely misses the orc wizard.
The arrow hits the orc wizard.
The orc wizard is lightly wounded.
You have got your breath back.
The orc wizard gestures at you while chanting.
The puff of flame hits you!
2306 ||| READING 2 scrolls of teleportation.
As you read the scroll of teleportation, it crumbles to dust.
You feel strangely unstable.
The gnoll hits you from afar with a +0 halberd!
The orc closely misses you.
2307 ||| Stepping ~*~*~tactically~*~*~ (outnumbered).
The orc wizard attacks as you move away!
The orc wizard hits you with a +0 dagger.
The gnoll hits you with a +0 spear.
You die...

.##...#...#.##.........##.#.#...[
.#)......%..#..........#..#....#.
#.##.##....#..........#.####.#..
#. #.......#..........#.# #....
#. ###.......##.####....# ###.#
.. ......##.##......#### #.# ..
+########.#o..##### ###)#
...###....## #...# ......oo#@#
#.### ..?###5g#g# #...# ..oh...
###.# .......... #...#
#.......)... #.### #...........#
####.# .............# #....#
#..>.........# #.#### #..<#


You could see an orc wizard (invisible) and a gnoll.

Vanquished Creatures
  Sigmund (D:2)
  Ijyb (D:3)
  Terence (D:3)
  Robin (D:2)
  2 gnolls (D:3)
  6 adders
  A worm (D:3)
  A dart slug (D:3)
  An orc (D:3)
  4 ball pythons
  3 endoplasms
  A giant cockroach (D:2)
  12 goblins
  7 hobgoblins
  4 jackals (D:2)
  8 kobolds
  3 quokkas
  3 bats
  2 frilled lizards
  6 rats
68 creatures vanquished.

Notes
Turn   | Place    | Note
-------+----------+-------------------------------------------
     0 | D:1      | qw the Naga Hunter began the quest for the Orb.
     0 | D:1      | Reached XP level 1. HP: 19/19 MP: 1/1
     0 | D:1      | 0 ||| qw: Version: 0.2-a-122-gbc61b45
     0 | D:1      | 0 ||| qw: Game counter: 3408
     0 | D:1      | 0 ||| qw: Always use a shield: true
     0 | D:1      | 0 ||| qw: God list: Okawaru
     0 | D:1      | 0 ||| qw: Allow faded altars: false
     0 | D:1      | 0 ||| qw: Do Orc after D:15 true
     0 | D:1      | 0 ||| qw: Do second Lair branch before Depths: true
     0 | D:1      | 0 ||| qw: Lair rune preference: random
     0 | D:1      | 0 ||| qw: Plans: Normal
     0 | D:1      | 0 ||| PLANNING D:1-11
    31 | D:1      | 31 ||| INVOKING Spit Poison.
    59 | D:1      | 59 ||| INVOKING Spit Poison.
    99 | D:1      | 99 ||| INVOKING Spit Poison.
   102 | D:1      | Reached skill level 4 in Ranged Weapons
   102 | D:1      | Reached XP level 2. HP: 26/26 MP: 2/2
   138 | D:1      | 138 ||| INVOKING Spit Poison.
   153 | D:1      | 153 ||| INVOKING Spit Poison.
   197 | D:1      | 197 ||| INVOKING Spit Poison.
   200 | D:1      | 200 ||| INVOKING Spit Poison.
   203 | D:1      | 203 ||| INVOKING Spit Poison.
   231 | D:1      | 231 ||| INVOKING Spit Poison.
   236 | D:1      | 236 ||| INVOKING Spit Poison.
   267 | D:1      | 267 ||| INVOKING Spit Poison.
   306 | D:1      | 306 ||| INVOKING Spit Poison.
   339 | D:1      | 339 ||| INVOKING Spit Poison.
   588 | D:1      | 588 ||| INVOKING Spit Poison.
   598 | D:1      | 598 ||| INVOKING Spit Poison.
   613 | D:1      | 613 ||| INVOKING Spit Poison.
   615 | D:1      | Reached XP level 3. HP: 32/32 MP: 3/3
   629 | D:1      | 629 ||| INVOKING Spit Poison.
   663 | D:1      | 663 ||| INVOKING Spit Poison.
   887 | D:1      | 887 ||| READING 3 scrolls labelled KATOSKISOPS.
   891 | D:1      | 891 ||| READING scroll labelled NUMYBE ALACW.
   892 | D:1      | 892 ||| READING scroll labelled NIORGHI WUUHUKK.
   893 | D:1      | 893 ||| READING scroll labelled KUDU LYSETS.
   894 | D:1      | 894 ||| READING scroll labelled ZAPUNE ZUJI.
   895 | D:1      | 895 ||| DROPPING scroll of butterflies.
   929 | D:2      | Noticed Robin
   930 | D:2      | 930 ||| INVOKING Spit Poison.
   934 | D:2      | 934 ||| INVOKING Spit Poison.
   938 | D:2      | 938 ||| INVOKING Spit Poison.
   942 | D:2      | Killed Robin
   943 | D:2      | 943 ||| INVOKING Spit Poison.
   951 | D:2      | 951 ||| INVOKING Spit Poison.
   954 | D:2      | 954 ||| INVOKING Spit Poison.
   957 | D:2      | 957 ||| INVOKING Spit Poison.
   989 | D:2      | 989 ||| INVOKING Spit Poison.
  1077 | D:2      | 1077 ||| INVOKING Spit Poison.
  1079 | D:2      | Reached skill level 5 in Ranged Weapons
  1079 | D:2      | Reached XP level 4. HP: 39/39 MP: 4/4
  1081 | D:2      | 1081 ||| INVOKING Spit Poison.
  1082 | D:2      | 1082 ||| INVOKING Spit Poison.
  1161 | D:2      | 1161 ||| INVOKING Spit Poison.
  1224 | D:2      | 1224 ||| INVOKING Spit Poison.
  1230 | D:2      | 1230 ||| INVOKING Spit Poison.
  1236 | D:2      | 1236 ||| INVOKING Spit Poison.
  1308 | D:2      | Noticed Sigmund
  1312 | D:2      | 1312 ||| INVOKING Spit Poison.
  1316 | D:2      | 1316 ||| INVOKING Spit Poison.
  1316 | D:2      | Killed Sigmund
  1317 | D:2      | Reached XP level 5. HP: 34/51 MP: 5/5
  1317 | D:2      | Reached XP level 6. HP: 38/58 MP: 6/6
  1439 | D:2      | 1439 ||| INVOKING Spit Poison.
  1447 | D:2      | 1447 ||| INVOKING Spit Poison.
  1475 | D:2      | 1475 ||| INVOKING Spit Poison.
  1521 | D:2      | 1521 ||| INVOKING Spit Poison.
  1525 | D:2      | 1525 ||| INVOKING Spit Poison.
  1650 | D:2      | 1650 ||| INVOKING Spit Poison.
  1703 | D:2      | 1703 ||| INVOKING Spit Poison.
  1843 | D:2      | 1843 ||| INVOKING Spit Poison.
  2055 | D:2      | 2055 ||| UPGRADING to +0 helmet.
  2060 | D:2      | 2060 ||| UPGRADING to amulet of faith.
  2065 | D:2      | 2065 ||| READING scroll labelled UPHIHE CUKESTREV.
  2066 | D:2      | 2066 ||| DROPPING potion of invisibility.
  2103 | D:3      | Noticed Ijyb
  2104 | D:3      | 2104 ||| INVOKING Spit Poison.
  2110 | D:3      | 2110 ||| INVOKING Spit Poison.
  2110 | D:3      | Killed Ijyb
  2136 | D:3      | 2136 ||| INVOKING Spit Poison.
  2175 | D:3      | 2175 ||| INVOKING Spit Poison.
  2182 | D:3      | 2182 ||| INVOKING Spit Poison.
  2188 | D:3      | 2188 ||| INVOKING Spit Poison.
  2192 | D:3      | 2192 ||| INVOKING Spit Poison.
  2198 | D:3      | 2198 ||| INVOKING Spit Poison.
  2283 | D:3      | Noticed Terence
  2284 | D:3      | 2284 ||| INVOKING Spit Poison.
  2291 | D:3      | 2291 ||| INVOKING Spit Poison.
  2294 | D:3      | Killed Terence
  2296 | D:3      | 2296 ||| INVOKING Spit Poison.
  2299 | D:3      | Noticed Natasha
  2300 | D:3      | 2300 ||| INVOKING Spit Poison.
  2304 | D:3      | 2304 ||| Stepping ~*~*~tactically~*~*~ (outnumbered).
  2305 | D:3      | HP: 12/58 [orc wizard/puff of flame (7)]
  2306 | D:3      | 2306 ||| READING 2 scrolls of teleportation.
  2306 | D:3      | HP: 4/58 [gnoll/+0 halberd (8)]
  2307 | D:3      | 2307 ||| Stepping ~*~*~tactically~*~*~ (outnumbered).
  2307 | D:3      | Slain by a gnoll

Levels and vault maps discovered:
D:1:      heliophobic_arrival_enchanted_forest, layout_basic,
          minmay_crystal_water, item_on_display_a
D:2:      layout_basic, uniq_robin, uniq_sigmund
D:3:      layout_basic, hellmonk_ecumenical_altar_arch_garden, uniq_ijyb,
          uniq_natasha, uniq_terence

Skill      XL: |  1  2  3  4 |
---------------+-------------+-----
Ranged Weapons | 4 5 |  5.8
Fighting       | 4 |  4.7
Dodging        | |  1.5
Stealth        | |  1.5

Action                     |  1- 3 |  4- 6 || total
---------------------------+-------+-------++-------
   Fire: Shortbow          |    52 |    81 ||   133
Ability: Spit Poison       |    27 |    27 ||    54
    Use: Scroll            |     5 |     2 ||     7
 Armour: Leather armour    |    12 |    20 ||    32
  Dodge: Dodged            |    17 |    49 ||    66

Table legend:
 A = Non-vault XP
 B = Vault XP
 C = Vault XP percentage of total XP
 D = Non-vault monster count
 E = Vault monster count
 F = Vault count percentage of total count
                 A         B        C        D         E       F
            +---------+---------+-------+---------+---------+-------
      Total |     192 |     330 |  63.2 |      56 |      12 |  17.6
            +---------+---------+-------+---------+---------+-------
        D:1 |      38 |       0 |   0.0 |      23 |       0 |   0.0
        D:2 |      68 |     258 |  79.1 |      19 |      10 |  34.5
        D:3 |      86 |      72 |  45.6 |      14 |       2 |  12.5
            +---------+---------+-------+---------+---------+-------
